 Dungeon Crawl Stone Soup version 0.29.1-13-g9f3cf754e1 (webtiles) character file.

Game seed: 1970241750477241368

230 Vulpanium the Digger (level 5, -1/39 HPs)
             Began as a Draconian Earth Elementalist on Jan 22, 2023.
             Succumbed to an adder's poison
             ... in a sewer.
             The game lasted 00:12:24 (4042 turns).

Vulpanium the Digger (Draconian Earth Elementalist) Turns: 4042, Time: 00:12:25

Health: -1/39      AC:  6    Str: 10    XL:     5   Next: 72%
Magic:  10/10      EV: 12    Int: 17    God:
Gold:   99         SH:  0    Dex: 12    Spells: 10/11 levels left

rFire   . . .      SeeInvis .   r - +9 long sword "Nigoxusch" {vorpal, rN+ Will+}
rCold   . . .      Faith    +   (no shield)
rNeg    + . .      Spirit   .   (body armour unavailable)
rPois   .          Reflect  .   (helmet restricted)
rElec   .          Harm     .   c - +0 cloak
rCorr   .          Rampage  .   (no gloves)
Will    +....                   (no boots)
Stlth   ++........              i - amulet of faith
HPRegen 0.13/turn               (no ring)
MPRegen 0.12/turn               (no ring)

@: lethally poisoned (-1 -> -6)
A: AC +5, unfitting armour, cold-blooded
a: no special abilities


You were in a sewer.
You visited 1 branch of the dungeon, and saw 3 of its levels.
You also visited: Sewer.

You collected 99 gold pieces.

Inventory:

Hand Weapons
 e - a +0 dagger
 q - a +0 mace of protection
 r - the +9 long sword "Nigoxusch" (weapon) {vorpal, rN+ Will+}
   (You found it on level 3 of the Dungeon)

   It inflicts extra damage upon your enemies.
   rN:        It protects you from negative energy.
   Will:      It increases your willpower.
Armour
 c - a +0 cloak (worn)
Magical Staves
 l - a staff of poison
Jewellery
 i - an amulet of faith (around neck)
 p - an amulet of faith
Scrolls
 d - a scroll of butterflies {unknown}
 g - a scroll of amnesia {unknown}
 k - a scroll of vulnerability {unknown}
 m - a scroll of teleportation {unknown}
 o - a scroll of immolation {unknown}
 s - a scroll of magic mapping {unknown}
 t - 2 scrolls of fear
Potions
 a - a potion of magic
 b - a potion of invisibility {unknown}
 h - 2 potions of curing {unknown}
 j - 2 potions of heal wounds {unknown}
 n - a potion of berserk rage {unknown}
 u - 2 potions of lignification


   Skills:
 + Level 0.5 Fighting
 - Level 1.1(1.3) Short Blades
 + Level 0.9(1.2) Long Blades
 + Level 2.1 Dodging
 + Level 2.0 Stealth
 + Level 3.6 Spellcasting
 + Level 1.0 Transmutations
 + Level 4.7 Earth Magic


You had 10 spell levels left.
You knew the following spells:

 Your Spells              Type           Power      Damage    Failure   Level
a - Sandblast             Erth           38%        2d10      2%          1

Your spell library contained the following spells:

 Spells                   Type           Power      Damage    Failure   Level
 Passwall                 Tmut/Erth      10%        N/A       8%          2
 Stone Arrow              Conj/Erth      22%        3d8       19%         3
 Gell's Gravitas          Tloc           3%         N/A       45%         3
 Lesser Beckoning         Tloc           3%         N/A       45%         3
 Portal Projectile        Hex/Tloc       6%         N/A       45%         3
 Teleport Other           Tloc           3%         N/A       45%         3
 Tukima's Dance           Hex            3%         N/A       45%         3
 Petrify                  Tmut/Erth      12%        N/A       45%         4
 Summon Lightning Spire   Summ/Air       3%         N/A       86%         4
 Blade Hands              Tmut           3%         N/A       96%         5
 Storm Form               Tmut/Air       2%         N/A       100%        7
 Maxwell's Capacitive Co  Air            1%         ∞         100%        8


Dungeon Overview and Level Annotations

Branches:
Dungeon (3/15)              Sewer (1/1)

Altars:


Innate Abilities, Weirdness & Mutations

Your plain brown scales are hard. (AC +5)
You cannot fit into any form of body armour.
You are cold-blooded and may be slowed by cold attacks.


Message History

The adder barely misses you.
The ball python bites you but does no damage.
The ball python constricts you. The ball python bites you. The adder bites you.
You are poisoned.
The adder poisons you! The river rat bites you.
You closely miss the adder.
Your tail-slap misses the adder.
You feel sick. The ball python barely misses you.
The ball python constricts you. The ball python barely misses you.
The adder barely misses you. The river rat misses you.
The ball python bites you but does no damage.
The ball python constricts you. The ball python barely misses you.
The adder bites you but does no damage.
You closely miss the adder.
You feel sick. The river rat bites you.
* * * LOW HITPOINT WARNING * * *
The ball python bites you but does no damage.
The ball python constricts you. The adder bites you but does no damage.
The ball python bites you but does no damage.
The river rat bites you but does no damage.
The ball python bites you.
* * * LOW HITPOINT WARNING * * *
The ball python constricts you.
* * * LOW HITPOINT WARNING * * *
You escape the ball python's grasp.
The adder attacks as you move away! The adder bites you.
* * * LOW HITPOINT WARNING * * *
You are lethally poisoned!
The adder poisons you!
* * * LOW HITPOINT WARNING * * *
You feel very sick.
The ball python bites you but does no damage.
The ball python completely misses you. The adder bites you.
* * * LOW HITPOINT WARNING * * *
The ball python barely misses you. The ball python grabs you.
The ball python constricts you.
* * * LOW HITPOINT WARNING * * *
The adder barely misses you.
You escape the ball python's grasp.
The ball python attacks as you move away!
The ball python barely misses you. The ball python misses you.
You die...

..†.'†.# ....#..# #...####
#....####################
#......≈≈≈≈≈~~#~#≈≈≈≈~..##
#.....~≈≈≈~~~~~~.≈≈~≈~~...
#.....~~≈≈≈~≈~~..~≈~~~~...
##....~~≈~~≈~≈.(.~S~r≈~...
##...~~~~≈≈≈≈..@~SS≈~~...
###.#~~≈~≈≈≈#≈≈~r≈≈~....
####################..


You could see an adder, a river rat, 2 ball pythons and a rat.

Vanquished Creatures
  A hound (D:2)
  6 river rats (Sewer)
  5 adders
  2 dart slugs
  9 endoplasms
  2 giant cockroaches (D:1)
  7 goblins
  6 hobgoblins
  3 jackals (D:2)
  2 kobolds (D:1)
  7 quokkas
  9 ball pythons
  11 bats
  4 frilled lizards
  28 rats
102 creatures vanquished.

Vanquished Creatures (others)
  2 demonic plants (D:2)
2 creatures vanquished.

Grand Total: 104 creatures vanquished

Notes
Turn   | Place    | Note
-------+----------+-------------------------------------------
     0 | D:1      | Vulpanium the Draconian Earth Elementalist began the quest
                  | for the Orb.
     0 | D:1      | Reached XP level 1. HP: 14/14 MP: 3/3
   297 | D:1      | Reached XP level 2. HP: 20/20 MP: 3/5
   891 | D:1      | Reached XP level 3. HP: 17/26 MP: 2/6
  1455 | D:2      | Found a faded altar of an unknown god.
  1455 | D:2      | Noticed a green death
  1811 | D:2      | Reached skill level 4 in Earth Magic
  1850 | D:2      | Reached XP level 4. HP: 33/33 MP: 0/8
  2420 | D:2      | Reached skill level 1 in Short Blades
  3163 | D:3      | Noticed an ice beast
  3308 | D:3      | Identified the +9 long sword "Nigoxusch" {vorpal, rN+
                  | Will+}
  3382 | D:3      | Found a glowing drain.
  3397 | Sewer    | Entered a sewer
  3461 | Sewer    | Reached XP level 5. HP: 39/39 MP: 3/9
  4041 | Sewer    | HP: 1/39 [constriction (1)]
  4042 | Sewer    | Succumbed to an adder's poison

Illustrated notes

Levels and vault maps discovered:
D:1:      heliophobic_arrival_glass_houses, layout_loops_ring,
          nicolae_concentric_dashed_squares_mild
D:2:      layout_basic, dreamdust_ecumenical_altar_sealed_demon
D:3:      layout_basic, gup_sewer_entry_bubbles
Sewer:    sewer_minmay_w

Skill      XL: |  1  2  3  4  5 |
---------------+----------------+-----
Earth Magic    | 4 |  4.7
Spellcasting   | 3 |  3.6
Short Blades   | 1 |  1.1
Dodging        | 2 |  2.1
Stealth        | 2 |  2.0
Fighting       | |  0.5
Long Blades    | |  0.9
Transmutations | |  1.0

Action                   |  1- 3 |  4- 6 || total
-------------------------+-------+-------++-------
Melee: Dagger            |    57 |    44 ||   101
       Tailslap          |     2 |     6 ||     8
       Long sword        |       |    50 ||    50
 Cast: Sandblast         |    56 |    36 ||    92
  Use: Scroll            |       |     2 ||     2
 Stab: Sleeping          |       |     1 ||     1
Armor: Skin              |    28 |    56 ||    84
Dodge: Dodged            |    53 |   110 ||   163
